 Dungeon Crawl Stone Soup version 0.29-a0-322-g68df515428 (webtiles) character file.

Game seed: 13925238019694640026

173086 Ajdolov the Tortoise (level 18, -1/149 HPs)
             Began as a Formicid Abyssal Knight on Apr 7, 2022.
             Was the Champion of Lugonu.
             Killed from afar by a manticore (14 damage)
             ... with a volley of spikes
             ... on level 1 of the Shoals.
             The game lasted 01:37:45 (43650 turns).

Ajdolov the Tortoise (Formicid Abyssal Knight)     Turns: 43650, Time: 01:37:45

Health: -1/149     AC: 39    Str: 26    XL:     18   Next: 69%
Magic:  22/22      EV: 10    Int: 10    God:    Lugonu [******]
Gold:   887        SH: 13    Dex: 11    Spells: 17/17 levels left

rFire   . . .      SeeInvis +   a - +5 lajatang (distort)
rCold   + . .      Faith    .   l - +0 kite shield {reflect}
rNeg    . . .      Spirit   .   B - +8 plate armour of Cadwyge {SInv}
rPois   +          Reflect  +   (helmet unavailable)
rElec   .          Harm     .   K - +2 cloak
rCorr   .          Rampage  ∞   S - +2 pair of gloves
Will    ++...                   J - +3 pair of seven-league boots {Rampage+∞}
Stlth   ..........              G - amulet of regeneration
HPRegen 1.14/turn               R - ring of poison resistance
MPRegen 0.18/turn               Q - ring of willpower

@: spiked, studying Shields, very slow
A: permanent stasis, dig shafts and tunnels, antennae 3, four strong arms, cold
resistance 1, low MP 1
a: Dig, Shaft Self, Renounce Religion, Depart the Abyss, Bend Space, Banish,
Corrupt, Enter the Abyss


You were on level 1 of the Shoals.
You worshipped Lugonu.
Lugonu was exalted by your worship.
You visited 5 branches of the dungeon, and saw 28 of its levels.
You visited the Abyss 1 time.
You visited 1 bazaar.
You also visited: Ossuary and Ice Cave.

You collected 3049 gold pieces.
You spent 2162 gold pieces at shops.

Inventory:

Hand Weapons
 a - a +5 lajatang of distortion (weapon)
 b - a +3 great mace
Armour
 l - a +0 kite shield of reflection (worn)
 B - the +8 plate armour of Cadwyge (worn) {SInv}
   (You bought it in a shop on level 2 of the Orcish Mines)

   SInv:      It lets you see invisible.
 J - the +3 pair of seven-league boots (worn) {Rampage+∞}
   (You found it on level 5 of the Lair of Beasts)

   Its wearer moves as far as possible in that direction when moving towards
   enemies.
 K - a +2 cloak (worn)
 S - a +2 pair of gloves (worn)
Jewellery
 j - a +4 ring of slaying
 z - a ring of resist corrosion
 G - an amulet of regeneration (around neck)
 M - a ring of protection from fire
 Q - a ring of willpower (right hand)
 R - a ring of poison resistance (left hand)
 U - a ring of protection from cold
Wands
 k - a wand of iceblast (8)
 p - a wand of acid (16)
 D - a wand of flame (56)
 H - a wand of charming (2)
 I - a wand of mindburst (10)
 P - a wand of paralysis (9)
Scrolls
 e - 3 scrolls of immolation
 f - 5 scrolls of vulnerability
 o - 2 scrolls of brand weapon
 r - 3 scrolls of magic mapping
 v - 2 scrolls of enchant armour
 x - 5 scrolls of fear
 y - 5 scrolls of fog
 E - 4 scrolls of amnesia
 F - 3 scrolls of holy word
 O - a scroll of silence
Potions
 c - a potion of invisibility
 d - 5 potions of mutation
 g - 3 potions of lignification
 h - 4 potions of cancellation
 i - 18 potions of curing
 n - 2 potions of magic
 q - 10 potions of brilliance
 t - 3 potions of attraction
 u - 9 potions of flight
 w - 5 potions of resistance
 C - 6 potions of might
 T - 4 potions of ambrosia
Miscellaneous
 L - a phantom mirror
 N - a box of beasts (inert)


   Skills:
 - Level 15.0 Fighting
 - Level 3.0(9.4) Maces & Flails
 - Level 13.8(14.0) Staves
 - Level 20.0 Armour
 + Level 9.1 Dodging
 - Level 15.0 Shields
 - Level 10.0 Invocations
 - Level 10.0 Evocations


You had 17 spell levels left.
You didn't know any spells.
Your spell library contained the following spells:

 Spells                   Type           Power      Damage    Failure   Level
 Animate Skeleton         Necr           0%         N/A       96%         1
 Apportation              Tloc           0%         N/A       96%         1
 Magic Dart               Conj           0%         1d3       96%         1
 Pain                     Necr           0%         1d4       96%         1
 Summon Small Mammal      Summ           0%         N/A       96%         1
 Call Imp                 Summ           0%         N/A       99%         2
 Corpse Rot               Necr/Air       0%         N/A       99%         2
 Static Discharge         Conj/Air       0%         N/A       99%         2
 Conjure Flame            Conj/Fire      0%         6-21      100%        3
 Frozen Ramparts          Ice            0%         1d2       100%        3
 Gell's Gravitas          Tloc           0%         N/A       100%        3
 Ignite Poison            Fire/Tmut/Pois 0%         N/A       100%        3
 Lesser Beckoning         Tloc           0%         N/A       100%        3
 Mephitic Cloud           Conj/Pois/Air  0%         N/A       100%        3
 Ozocubu's Armour         Ice            0%         N/A       100%        3
 Teleport Other           Tloc           0%         N/A       100%        3
 Vampiric Draining        Necr           0%         2d6       100%        3
 Airstrike                Air            0%         N/A       100%        4
 Animate Dead             Necr           0%         N/A       100%        4
 Dispel Undead            Necr           0%         3d6       100%        4
 Ice Form                 Ice/Tmut       0%         N/A       100%        4
 Sticky Flame             Conj/Fire      0%         2d3       100%        4
 Summon Ice Beast         Ice/Summ       0%         N/A       100%        4
 Summon Lightning Spire   Summ/Air       0%         N/A       100%        4
 Alistair's Intoxication  Tmut/Pois      0%         N/A       100%        5
 Borgnjor's Vile Clutch   Necr/Erth      0%         N/A       100%        5
 Fireball                 Conj/Fire      0%         3d3       100%        5
 Freezing Cloud           Conj/Ice/Air   0%         6-21      100%        5
 Lightning Bolt           Conj/Air       0%         1d11      100%        5
 Metabolic Englaciation   Hex/Ice        0%         N/A       100%        5
 Death Channel            Necr           0%         N/A       100%        6
 Dispersal                Tloc           0%         N/A       100%        6
 Eringya's Noxious Bog    Tmut/Pois      0%         N/A       100%        6
 Simulacrum               Ice/Necr       0%         N/A       100%        6
 Starburst                Conj/Fire      0%         6d3       100%        6
 Disjunction              Tloc           0%         N/A       100%        8
 Ignition                 Fire           0%         3d3       100%        8


Dungeon Overview and Level Annotations

Branches:
Dungeon (15/15)            Temple (0/1) D:4            Lair (6/6) D:11
 Shoals (1/4) Lair:2       Spider (4/4) Lair:2        Slime (0/5) Lair:5
    Orc (2/2) D:10            Elf (0/3) Orc:2        Vaults (0/5) D:14
 Depths (0/4) D:15        Ossuary (visited)           IceCv (visited)

Altars:
Elyvilon
Fedhas
Gozag
Hepliaklqana
Kikubaaqudgha
Okawaru
Qazlal
Sif Muna
Trog
Uskayaw
Vehumet
Wu Jian
Xom
Beogh
Jiyva
Lugonu

Shops:
D:5 !   D:7 *   D:11 =   Orc:2 (=(*

Portals:
Abyss: Spider:1
Trove: D:13 (give +7 demon trident)

Annotations:
D:11 3 runed translucent doors, exclusion: obsidian statue, Angani's ghost, journeyman DrHu
D:15 corrupted
Shoals:1 Louise
Spider:4 3 exclusions


Innate Abilities, Weirdness & Mutations

You cannot be hasted, slowed, berserked, paralysed or teleported.
You can dig through walls and to a lower floor.
You have a pair of large antennae on your head. (SInv)
Your four strong arms can wield two-handed weapons with a shield.
Your flesh is cold resistant. (rC+)
Your magical capacity is low. (-10% MP)


Message History

Moving in this stuff is going to be slow.
The merfolk hits the plant with a +0 trident!!
The manticore bites the plant!
The plant begins to die.
The manticore claws the plant! x2; The manticore bites the plant!
The manticore claws the plant! x2
The sea snake attacks as you move away! You block the sea snake's attack.
You enter the shallow water.
Moving in this stuff is going to be slow.
A nearby plant withers and dies. x2; You block the sea snake's attack.
You hit the sea snake.
Space warps around the sea snake.
The sea snake is almost dead.
The sea snake bites you!
* * * LOW HITPOINT WARNING * * *
Unknown command.
Your unstable footing causes you to fumble your attack.
The sea snake bites you but does no damage.
Unknown command.
Your unstable footing causes you to fumble your attack.
You block the sea snake's attack.
You slice the sea snake!!
You kill the sea snake!
Lugonu accepts your kill.
The merfolk hits you but does no damage.
The manticore flicks its tail.
The volley of spikes misses you.
Okay, then.
Okay, then.
Okay, then.
You open the lid... ...and a juvenile weirdfire beast leaps out!
The box is emptied!
A nearby plant withers and dies.
Louise casts a spell at you.
The bolt of lightning hits the plant!!!
The plant begins to die.
The bolt of lightning misses you.
The merfolk hits you from afar with a +0 trident.
* * * LOW HITPOINT WARNING * * *
The manticore flicks its tail.
The volley of spikes hits you!
The barbed spikes become lodged in your body.
You die...

..≈....##..)P....≈≈..≈..≈≈
.≈.##......≈<.P..≈≈.≈≈≈≈≈≈
..##.......≈.###..≈≈≈≈.≈≈.
.......≈≈.?.## ##.≈≈≈>.#..
..)...≈.m..## #..≈≈≈≈## .
..)@≈m...### ##..≈≈≈^...
#.≈≈≈)..## ###.H≈≈≈≈≈...
#.))≈..## ###.P.≈≈≈≈≈≈...≈
.....@## #...m≈@≈≈.≈P...≈
..≈.≈..###..H≈≈≈≈≈≈PP≈≈PP
≈≈≈≈≈≈..#P.≈PP≈P≈PP≈≈≈P≈
≈≈≈≈≈≈≈≈.≈@PP≈≈P≈≈≈P≈≈≈≈
≈≈.≈≈≈≈≈≈≈≈≈PP≈≈≈≈P≈≈≈≈≈
≈..≈≈≈≈≈≈≈≈≈≈P≈≈≈≈PP≈≈≈P
≈..≈≈≈≈≈≈≈≈≈≈≈≈≈≈≈≈≈≈≈≈≈
≈≈≈≈≈≈≈≈≈≈≈≈P≈≈≈≈≈≈≈≈≈≈P
≈≈≈≈≈≈≈≈≈≈≈≈≈≈≈≈≈


You could see Louise, a merfolk (ally target), a manticore and a friendly
juvenile weirdfire beast (summoned).

Vanquished Creatures
  Mara (Spider:3)
  Jorgrun (Orc:2)
  A lich (IceCv)
  Frances (D:14)
  Kirke (Lair:4)
  Donald (Orc:2)
  2 ghost moths
  An orc warlord (D:14)
  4 emperor scorpions
  An ironbound preserver (D:14)
  A very ugly thing (IceCv)
  A broodmother (Lair:2)
  An entropy weaver (Spider:2)
  4 spark wasps
  Snorg (Orc:1)
  An ettin (D:15)
  A fire dragon (Lair:6)
  Erolcha (Orc:2)
  11 boulder beetles
  2 catoblepae
  9 hydras
  An ice dragon (D:15)
  4 jorogumos
  5 centaur warriors (D:14)
  6 two-headed ogres
  2 tengu warriors
  A merfolk aquamancer (Shoals:1)
  4 orc high priests
  Urug (Lair:6)
  Nergalle (D:10)
  2 sea snakes (Shoals:1)
  5 skeletal warriors (D:14)
  5 pharaoh ants
  3 deep trolls (D:15)
  2 steelbarb worms
  A wizard (D:14)
  2 spriggan simulacra (IceCv)
  A deep elf pyromancer (D:14)
  5 orc knights
  An obsidian statue (IceCv)
  12 orb spiders
  3 bog bodies (IceCv)
  4 necromancers
  A lindwurm (Lair:6)
  11 wolf spiders
  3 fauns (Shoals:1)
  7 orc sorcerers
  2 manticores
  5 cyclopes
  11 elephants
  12 ugly things
  4 moths of wrath
  2 molten gargoyles (Lair:6)
  A merfolk siren (Shoals:1)
  6 black mambas
  A guardian serpent (Lair:5)
  5 torpor snails
  6 demonic crawlers
  3 unseen horrors
  12 cane toads
  2 kobold demonologists
  2 anaconda simulacra (IceCv)
  3 golden dragon simulacra (IceCv)
  18 freezing wraiths (IceCv)
  13 komodo dragons
  8 rime drakes
  An ice devil (IceCv)
  2 entropy weaver simulacra (IceCv)
  A merfolk (Shoals:1)
  10 trolls
  3 meliai (Spider:2)
  2 polar bears
  A wind drake (shapeshifter) (D:14)
  3 hornets
  12 dream sheep
  9 tarantellas
  Grinder (D:6)
  17 blink frogs
  14 slime creatures
  32 jumping spiders
  A snapping turtle (Lair:2)
  22 culicivoras
  2 spriggans
  A shadow (D:12)
  2 dire elephant simulacra (IceCv)
  6 wraiths
  6 wyverns
  3 water elementals (Shoals:1)
  3 vampire mosquitoes (D:15)
  A golden eye (shapeshifter) (D:15)
  4 hogs (Lair:3)
  33 yaks
  A basilisk (shapeshifter) (D:13)
  4 steam dragons
  Grum (D:8)
  3 basilisks
  A minotaur simulacrum (IceCv)
  30 redbacks
  4 harpy simulacra (IceCv)
  An acid dragon (D:10)
  2 hydra simulacra (IceCv)
  5 wargs
  10 water moccasins
  4 hell hounds (Lair:6)
  3 black bears
  3 sky beasts
  An ice beast (D:8)
  47 orc warriors
  11 wolves
  4 alligator simulacra (IceCv)
  5 ogres
  14 centaurs
  A phantom (D:5)
  6 bullfrogs
  A necrophage (D:3)
  4 scorpions
  22 wights
  2 lindwurm simulacra (IceCv)
  5 killer bees (D:9)
  An electric eel (Spider:2)
  3 howler monkeys
  2 vampire bats (Lair:4)
  5 lava snakes (Lair:6)
  A gnoll shaman (D:10)
  36 orc priests
  2 hounds
  5 iguanas
  49 orc wizards
  5 hell rats (Lair:2)
  A polar bear simulacrum (Lair:4)
  2 yak simulacra (Lair:4)
  3 wolf simulacra (Lair:4)
  3 mummies (Ossuary)
  4 gnolls (D:10)
  5 adders
  2 shadow imps
  A white imp (D:7)
  2 ufetubi (D:6)
  9 dart slugs
  80 orcs
  17 bats
  5 endoplasms
  4 giant cockroaches
  10 hobgoblins
  A jackal (D:3)
  2 kobolds
  A quokka (D:1)
  4 ball pythons
  3 frilled lizards
  2 goblins (D:3)
  2 goblin zombies (Ossuary)
  2 hobgoblin zombies (Ossuary)
  3 kobold zombies (Ossuary)
  A rat (D:3)
  5 river rat simulacra (Lair:4)
  A lurking horror (Spider:1)
927 creatures vanquished.

Vanquished Creatures (collateral kills)
  An anaconda simulacrum (IceCv)
  A water moccasin (Lair:1)
  A bullfrog (Lair:4)
3 creatures vanquished.

Vanquished Creatures (others)
  Arachne (Spider:2)
  An orc sorcerer (D:15)
  A water elemental (Shoals:1)
  2 orc warriors (D:15)
  An orc priest (Orc:2)
  An orc wizard (Orc:2)
  2 orcs (D:15)
  34 fungi
  34 plants
77 creatures vanquished.

Grand Total: 1007 creatures vanquished

Notes
Turn   | Place    | Note
-------+----------+-------------------------------------------
     0 | Abyss:1  | Ajdolov the Formicid Abyssal Knight began the quest for the
                  | Orb.
     0 | Abyss:1  | Reached XP level 1. HP: 18/18 MP: 2/2
    20 | D:1      | Escaped the Abyss
    81 | D:1      | Reached XP level 2. HP: 24/24 MP: 3/3
   311 | D:1      | Found a faded altar of an unknown god.
   397 | D:1      | Reached XP level 3. HP: 28/30 MP: 4/4
  1094 | D:2      | Reached *** piety under Lugonu
  1095 | D:2      | Reached skill level 1 in Staves
  1510 | D:2      | Reached XP level 4. HP: 35/37 MP: 5/5
  1535 | D:2      | Found a shimmering altar of Xom.
  1677 | D:3      | Found a stormy altar of Qazlal.
  1922 | D:3      | Noticed a necrophage
  1926 | D:3      | Killed a necrophage
  1927 | D:3      | Reached XP level 5. HP: 43/43 MP: 6/6
  2721 | D:3      | Reached XP level 6. HP: 49/49 MP: 7/7
  2777 | D:3      | Found an iron altar of Okawaru.
  3041 | D:4      | Found a staircase to the Ecumenical Temple.
  3111 | D:4      | Found a sand-covered staircase.
  3123 | Ossuary  | Entered an ossuary
  3123 | Ossuary  | Noticed a wraith
  3123 | Ossuary  | Noticed a wraith
  3123 | Ossuary  | Noticed a wraith
  3172 | Ossuary  | Reached skill level 5 in Fighting
  3479 | Ossuary  | Noticed a wraith
  3484 | Ossuary  | Killed a wraith
  3485 | Ossuary  | Reached skill level 5 in Staves
  3485 | Ossuary  | Reached XP level 7. HP: 42/56 MP: 8/8
  3843 | D:4      | Found a white marble altar of Elyvilon.
  3932 | D:4      | Found a blossoming altar of Fedhas.
  3957 | D:4      | Reached **** piety under Lugonu
  4274 | D:5      | Entered Level 5 of the Dungeon
  4577 | D:5      | Reached XP level 8. HP: 50/62 MP: 9/9
  4763 | D:5      | Found Jicraobe's Distillery.
  4770 | D:5      | Bought a potion of might for 60 gold pieces
  4770 | D:5      | Bought a potion of might for 60 gold pieces
  5693 | D:6      | Noticed Grinder
  5726 | D:6      | Killed Grinder
  5727 | D:6      | Reached XP level 9. HP: 40/68 MP: 10/10
  5894 | D:6      | Reached skill level 10 in Staves
  6120 | D:6      | Reached skill level 1 in Shields
  6921 | D:6      | Found a shimmering blue altar of Sif Muna.
  7602 | D:7      | Found a shimmering altar of Xom.
  7607 | D:7      | Found an ornate altar of the Wu Jian Council.
  7608 | D:7      | Found an opulent altar of Gozag.
  7609 | D:7      | Found a radiant altar of Vehumet.
  7610 | D:7      | Found a hide-covered altar of Uskayaw.
  7902 | D:7      | Found a hazy altar of Hepliaklqana.
  8148 | D:7      | Found Xeubacat's Neck Hole.
  8149 | D:7      | Got the Disquisition on Harmful Air
  8157 | D:7      | Reached skill level 5 in Shields
  8157 | D:7      | Reached XP level 10. HP: 65/74 MP: 11/11
  8750 | D:8      | Found a bloodstained altar of Trog.
  9122 | D:8      | Noticed Grum
  9150 | D:8      | Killed Grum
  9756 | D:9      | Noticed a tengu warrior
 10123 | D:9      | Reached ***** piety under Lugonu
 10975 | D:9      | Reached XP level 11. HP: 62/80 MP: 13/13
 11186 | D:9      | Noticed a two-headed ogre
 11200 | D:9      | Killed a two-headed ogre
 11201 | D:9      | Reached skill level 5 in Invocations
 11210 | D:9      | Killed a tengu warrior
 12089 | D:10     | Entered Level 10 of the Dungeon
 12511 | D:10     | Noticed Nergalle
 12519 | D:10     | Killed Nergalle
 13500 | D:10     | Found a staircase to the Orcish Mines.
 13942 | D:7      | Bought a +1 cloak for 149 gold pieces
 13949 | D:7      | Bought an amulet of reflection for 390 gold pieces
 14395 | D:11     | Found a staircase to the Lair.
 14400 | D:11     | Reached XP level 12. HP: 91/91 MP: 17/17
 14592 | D:11     | Found Poasockeheux's Jewellery Boutique.
 14642 | D:11     | Noticed a two-headed ogre
 14649 | D:11     | Killed a two-headed ogre
 14719 | D:11     | Noticed a two-headed ogre
 14728 | D:11     | Killed a two-headed ogre
 15106 | D:11     | Noticed a boulder beetle
 15118 | D:11     | Killed a boulder beetle
 15119 | D:11     | Reached skill level 10 in Shields
 15265 | D:11     | Found a runed translucent gate.
 15265 | D:11     | Found a runed translucent gate.
 15265 | D:11     | Found a runed translucent gate.
 15268 | D:11     | Found an opulent altar of Gozag.
 15268 | D:11     | Noticed a yaktaur captain
 15270 | D:11     | Noticed Angani's ghost (journeyman DrHu)
 15332 | Lair:1   | Entered Level 1 of the Lair of Beasts
 15704 | Lair:1   | Reached skill level 10 in Invocations
 15934 | Lair:1   | Reached skill level 1 in Evocations
 16496 | Lair:2   | You fall into a shaft and drop 2 floors!
 16889 | Lair:3   | Reached skill level 10 in Fighting
 16889 | Lair:3   | Reached skill level 3 in Armour
 16908 | Lair:3   | Reached XP level 13. HP: 95/103 MP: 20/20
 17064 | Lair:3   | Reached skill level 4 in Armour
 17251 | Lair:3   | Noticed a four-headed hydra
 17486 | Lair:3   | Killed a four-headed hydra
 17487 | Lair:3   | Reached skill level 5 in Armour
 17684 | Lair:3   | Reached skill level 6 in Armour
 18714 | Lair:2   | Noticed a boulder beetle
 18741 | Lair:2   | Killed a boulder beetle
 18742 | Lair:2   | Reached skill level 5 in Evocations
 19312 | Lair:2   | Found a hole to the Spider Nest.
 19524 | Lair:2   | Found a staircase to the Shoals.
 19813 | Lair:4   | Noticed a five-headed hydra
 19834 | Lair:4   | Killed a five-headed hydra
 19835 | Lair:4   | Reached skill level 7 in Armour
 20010 | Lair:4   | Noticed Kirke
 20446 | Lair:4   | Killed Kirke
 20693 | Lair:4   | Noticed a boulder beetle
 20703 | Lair:4   | Killed a boulder beetle
 21003 | Lair:4   | Reached skill level 8 in Armour
 21027 | Lair:4   | Reached ****** piety under Lugonu
 21171 | Lair:5   | Reached XP level 14. HP: 98/116 MP: 21/21
 21962 | Lair:5   | Reached skill level 9 in Armour
 22205 | Lair:5   | Found a viscous altar of Jiyva.
 22205 | Lair:5   | Found a staircase to the Slime Pits.
 22854 | Lair:5   | Found the +3 pair of seven-league boots {Rampage+∞}
 23176 | Lair:6   | Entered Level 6 of the Lair of Beasts
 23182 | Lair:6   | Reached skill level 10 in Armour
 23299 | Lair:6   | Noticed Urug
 23319 | Lair:6   | Killed Urug
 25345 | Lair:6   | Reached skill level 11 in Armour
 25403 | Lair:6   | Reached XP level 15. HP: 70/126 MP: 22/22
 25797 | Lair:6   | Found a large runed translucent door.
 25797 | Lair:6   | Found a large runed translucent door.
 26803 | D:12     | Found a flickering gateway to a bazaar.
 26809 | Bazaar   | Entered a bazaar
 26850 | Bazaar   | Found Ikety's Jewellery Shop.
 26864 | Bazaar   | Found Faotwur's Antique Armour Shop.
 27721 | D:13     | You fall into a shaft and drop 1 floor!
 27737 | D:14     | Reached skill level 15 in Fighting
 27765 | D:14     | Reached skill level 12 in Armour
 27892 | D:14     | Noticed an orc warlord
 27921 | D:14     | Killed an orc warlord
 28112 | D:14     | Noticed Frances
 28119 | D:14     | Gained mutation: Your flesh is cold resistant. (rC+) [a
                  | neqoxec]
 28131 | D:14     | Killed Frances
 28952 | D:12     | Reached skill level 13 in Armour
 29635 | D:13     | Found a portal to a secret trove of treasure.
 29751 | D:14     | Noticed an ironbound preserver
 29752 | D:14     | Found a gate to the Vaults.
 29964 | D:14     | Killed an ironbound preserver
 30134 | D:14     | Reached skill level 10 in Evocations
 30326 | D:14     | Reached skill level 14 in Armour
 30899 | D:14     | Reached XP level 16. HP: 136/136 MP: 23/23
 30959 | D:14     | Found an ancient bone altar of Kikubaaqudgha.
 31665 | D:15     | Entered Level 15 of the Dungeon
 31670 | D:15     | Found a frozen archway.
 31682 | D:15     | Reached skill level 15 in Armour
 31692 | D:15     | Reached skill level 1 in Dodging
 31774 | IceCv    | Entered an ice cave
 32399 | IceCv    | Identified the +3 pair of gloves of Distant Worlds {Will-
                  | Str+4}
 32496 | IceCv    | Found an ancient bone altar of Kikubaaqudgha.
 32908 | IceCv    | Noticed a lich
 32918 | IceCv    | Killed a lich
 33287 | D:15     | Found a staircase to the Depths.
 33314 | D:15     | Reached skill level 16 in Armour
 33730 | D:15     | Corrupted D:15
 35093 | Orc:1    | Entered Level 1 of the Orcish Mines
 35395 | D:10     | Gained mutation: Your magical capacity is low. (-10% MP) [a
                  | neqoxec]
 35770 | Orc:1    | Reached XP level 17. HP: 127/141 MP: 22/22
 36051 | Orc:1    | Noticed Snorg
 36083 | Orc:1    | Killed Snorg
 36775 | Orc:2    | Entered Level 2 of the Orcish Mines
 37381 | Orc:2    | Found Joraphet's Jewellery Shop.
 37394 | Orc:2    | Reached skill level 15 in Shields
 37406 | Orc:2    | Found Rael's General Store.
 37409 | Orc:2    | Found Uraen's Weapon Boutique.
 37410 | Orc:2    | Found Rejyfed's Antique Weapon Shop.
 37565 | Orc:2    | Found a staircase to the Elven Halls.
 37662 | Orc:2    | Noticed Donald
 37678 | Orc:2    | Killed Donald
 37689 | Orc:2    | Noticed Erolcha
 37694 | Orc:2    | Killed Erolcha
 37699 | Orc:2    | Noticed Jorgrun
 37749 | Orc:2    | Killed Jorgrun
 38274 | D:7      | Bought an amulet of regeneration for 390 gold pieces
 38455 | Orc:2    | Bought the +8 plate armour of Cadwyge {SInv} for 1113 gold
                  | pieces
 38752 | Spider:1 | Entered Level 1 of the Spider Nest
 38778 | Lair:2   | Reached skill level 5 in Dodging
 38827 | Spider:1 | Reached skill level 17 in Armour
 39208 | Spider:1 | Found a one-way gate to the infinite horrors of the Abyss.
 39209 | Spider:1 | Found a corrupted altar of Lugonu.
 40201 | Spider:2 | Reached skill level 18 in Armour
 40239 | Spider:2 | Noticed Arachne
 40262 | Spider:2 | Killed Arachne
 41101 | Spider:3 | Reached XP level 18. HP: 133/149 MP: 18/22
 41212 | Spider:3 | Noticed Mara
 41310 | Spider:3 | Noticed Ajdolov's illusion
 41427 | Spider:3 | Noticed Ajdolov's illusion
 41452 | Spider:3 | Killed Mara
 41453 | Spider:3 | Reached skill level 19 in Armour
 42398 | Spider:3 | Identified the +2 robe "Wucidio" {rC+ rN+ Int-2}
 42515 | Spider:4 | Entered Level 4 of the Spider Nest
 43403 | Spider:4 | Identified a +5 lajatang of distortion (a +3 lajatang of
                  | freezing corrupted by Lugonu)
 43403 | Spider:4 | Received a gift from Lugonu
 43479 | Lair:2   | Reached skill level 20 in Armour
 43524 | Shoals:1 | Entered Level 1 of the Shoals
 43609 | Shoals:1 | HP: 7/149 [merfolk aquamancer/ball of steam (9)]
 43617 | Shoals:1 | Noticed Louise
 43650 | Shoals:1 | Killed from afar by a manticore

Illustrated notes

Levels and vault maps discovered:
D:1:      mrwooster_arrival_statue_2, layout_rooms,
          hellmonk_ecumenical_altar_zigzags
D:2:      layout_loops_ring, basic_altar, hangedman_feature_mirror
D:3:      layout_rooms, grunt_qazlal_clouds, okawaru_metal_pillars_1_2,
          grunt_ministairs_8, minmay_randomly_rotated_circles
D:4:      layout_loops_ring, old_standard_altar, lemuel_crystal_altar,
          minmay_temple_entry_mini_moons, nicolae_ossuary_entry_ruins,
          serial_park_tiny_pond, minmay_misc_feat_plants
D:5:      layout_loops_ring, serial_shops, shop
D:6:      layout_loops_ring, kennysheep_orc_sif_temple, dk_noncrumbling_4,
          columned_hall_lemuel, uniq_grinder
D:7:      layout_loops_corners, grunt_temple_overflow_open,
          kennysheep_little_box, serial_bayou_pond_b,
          nicolae_shop_sticking_my_neck_out
D:8:      layout_loops_cross, lemuel_tele_altar, uniq_grum
D:9:      layout_basic, st_stairs_7, hangedman_misty_isle
D:10:     layout_long_grid, david_orc_4, uniq_nergalle
D:11:     layout_rooms, erik_lair_orcish_takeover, serial_shops,
          nicolae_shop_crystal, ebering_ghost_gozag
D:12:     layout_gridville, serial_shops, bzr_entry_road
D:13:     layout_irregular_city, nicolae_trove_entry_columns, kennysheep_potato
D:14:     orc_temple, layout_irregular_city, skrybe_vaults_entry_preservation,
          serial_glass, glass_columns_a, glass_columns_a,
          minmay_strange_pillars, feat_on_display, due_unseen_surprise,
          item_on_display_a, lemuel_doored_altar, serial_bayou_crossing,
          uniq_frances
D:15:     hangedman_depths_entry_civil_slaughter, layout_layer_cave,
          portal_ice_cave_entry_dragon, chequers_garden
Lair:1:   lemuel_ratsnest, layout_cave_pods, infiniplex_staircase_pool_2
Lair:2:   layout_regular_city, minmay_shoals_entry_hut,
          spider_nest_entry_rubble, forest_entry_grove, grunt_megastairs_1
Lair:3:   layout_small_grid
Lair:4:   layout_gridlike, roderic_batcave, eino_house_with_fridge, uniq_kirke
Lair:5:   layout_cave_pods, dpeg_slime_entry_enclosed_altar,
          nicolae_lair_lil_pond, minivault_11,
          hellmonk_guarded_unrand_seven_league_boots
Lair:6:   cheibrodos_lair_end_hotspot, layout_loops_ring, uniq_urug
Shoals:1: layout_shoals, nicolae_island_escapes, uniq_louise
Spider:1: layout_spider_delve, amcnicky_altar_lugonu_corruption
Spider:2: layout_spider_delve, nicolae_orb_stairs, uniq_arachne
Spider:3: layout_cave_pods, uniq_mara
Spider:4: hellmonk_spider_rune_bug_friends, hangedman_spider_tarantella_strand
Orc:1:    layout_diamond_mine, bh_open_orc_temple, uniq_snorg
Orc:2:    st_orc_mages, layout_diamond_mine, basic_altar, uniq_donald,
          uniq_erolcha, uniq_jorgrun

Skill      XL: |  1  2  3  4  5  6  7  8  9 10 11 12 13 14 15 16 17 18 |
---------------+-------------------------------------------------------+-----
Maces & Flails | 3 |  3.0
Staves         | 1 3 5 6 9 11 13 | 13.8
Fighting       | 4 5 7 10 12 14 15 | 15.0
Shields        | 5 9 10 14 15 | 15.0
Invocations    | 3 7 10 | 10.0
Evocations     | 3 6 8 10 | 10.0
Armour         | 3 8 11 14 16 18 20 | 20.0
Dodging        | 4 7 9 |  9.1

Action                   |  1- 3 |  4- 6 |  7- 9 | 10-12 | 13-15 | 16-18 || total
-------------------------+-------+-------+-------+-------+-------+-------++-------
Melee: Mace              |    46 |       |       |       |       |       ||    46
       Lajatang          |    59 |   118 |   196 |   458 |   879 |  1507 ||  3217
       Punch             |       |       |     1 |       |       |       ||     1
       Great mace        |       |       |       |       |    34 |    17 ||    51
Invok: Bend Space        |       |       |       |       |     1 |     1 ||     2
       Corrupt           |       |       |       |       |       |     1 ||     1
       Banish            |       |       |       |       |       |     4 ||     4
       Brand Weapon With |       |       |       |       |       |     1 ||     1
 Abil: Dig               |     1 |       |     2 |       |     3 |     2 ||     8
Evoke: Wand              |       |     3 |       |    14 |     8 |     3 ||    28
       Phantom mirror    |       |       |       |       |     2 |     1 ||     3
       Box of beasts     |       |       |       |       |       |     1 ||     1
  Use: Scroll            |       |    10 |    14 |     8 |     4 |     3 ||    39
       Potion            |       |       |       |       |     2 |     8 ||    10
 Stab: Sleeping          |     2 |       |       |       |       |       ||     2
       Paralysed         |       |       |       |     6 |       |     4 ||    10
       Invisible         |       |       |       |       |     1 |       ||     1
       Petrifying        |       |       |       |       |     1 |       ||     1
       Distracted        |       |       |       |       |     1 |       ||     1
Armor: Leather armour    |    55 |    25 |       |       |       |       ||    80
       Ring mail         |       |     7 |     6 |       |       |       ||    13
       Scale mail        |       |       |    49 |       |       |       ||    49
       Plate armour      |       |       |     1 |   128 |   384 |   864 ||  1377
       Ice dragon scales |       |       |       |       |       |   126 ||   126
Dodge: Dodged            |    90 |    76 |    65 |    81 |   159 |   492 ||   963
Block: Buckler           |       |       |       |   116 |   336 |   433 ||   885
       Reflection        |       |       |       |     1 |    13 |    32 ||    46
       Kite shield       |       |       |       |       |       |   551 ||   551

Table legend: (Time is in decaauts)
 A = Elapsed time spent in this place.
 B = Non-inter-level travel time spent in this place.
 C = Inter-level travel time spent in this place.
 D = Time resting spent in this place.
 E = Time spent auto-exploring this place.
 F = Levels seen in this place.
 G = Mean time per level.
                   A        B        C        D        E       F      G
               +--------+--------+--------+--------+--------+-----+--------+
         Total |  43015 |  40608 |   2407 |  11258 |  20885 |  32 | 1344.2 |
       Dungeon |  23217 |  21963 |   1254 |   6902 |  10938 |  15 | 1547.8 |
          Lair |  11239 |  10522 |    717 |   2559 |   6346 |   6 | 1873.2 |
        Shoals |    118 |    118 |      0 |      6 |     34 |   1 |  118.0 |
   Spider Nest |   4496 |   4262 |    234 |    782 |   2243 |   4 | 1124.0 |
  Orcish Mines |   2069 |   1868 |    201 |    334 |    879 |   2 | 1034.5 |
         Abyss |     20 |     20 |      0 |      0 |      0 |   1 |   20.0 |
        Bazaar |    111 |    111 |      0 |      0 |     78 |   1 |  111.0 |
       Ossuary |    486 |    486 |      0 |      0 |    317 |   1 |  486.0 |
      Ice Cave |   1256 |   1256 |      0 |    674 |     49 |   1 | 1256.0 |
               +--------+--------+--------+--------+--------+-----+--------+

Top non-repeatable levels by time:
  Lair:6: 3118 daAuts
    D:10: 3035 daAuts
    D:14: 2989 daAuts
     D:6: 2263 daAuts
     D:9: 2203 daAuts
  Lair:5: 2059 daAuts
  Lair:3: 2022 daAuts
    D:15: 1926 daAuts
     D:8: 1500 daAuts
  Lair:4: 1407 daAuts
     D:7: 1400 daAuts
   Orc:2: 1380 daAuts
  Lair:2: 1359 daAuts
Spider:3: 1274 daAuts
  Lair:1: 1271 daAuts
